[Event "Titled Tuesday Blitz June 13 Late 2023"]
[White "Cluke86"]
[Black "Gerbelli Neto, Eduardo"]
[BlackFideId "2103281"]
[WhiteElo "2212"]
[BlackElo "2178"]
[Result "1-0"]
[Round "7"]
[TimeControl "180+2"]
[Date "2023.06.13"]
[WhiteClock "0:02:20"]
[BlackClock "0:01:48"]
[Board "147"]

1. e4 e5 2. Nf3 Nc6 3. Bc4 Nf6 4. O-O Nxe4 5. Nc3 Nxc3 6. dxc3 Be7 7. Qd5 O-O 8. Nxe5 Nxe5 9. Qxe5 Bf6 10. Qd5 c6 11. Qd6 Be7 12. Qg3 d5 13. Bd3 Bd6 14. f4 Qf6 15. Be3 Bf5 16. Bd4 Qg6 17. Bxf5 Qxg3 18. hxg3 c5 19. Bf2 g6 20. Bd3 c4 21. Be2 Rfd8 22. Bf3 1-0


[Site "https://www.chess.com"]

[Event "Titled Tuesday Blitz June 13 Late 2023"]
[White "Fuentes Godoy, Lilia Ivonne"]
[Black "Francisco_Ferrari"]
[WhiteFideId "5104130"]
[WhiteElo "2024"]
[BlackElo "2323"]
[Result "0-1"]
[Round "7"]
[TimeControl "180+2"]
[Date "2023.06.13"]
[WhiteClock "0:00:07"]
[BlackClock "0:00:15"]
[Board "148"]

1. d4 g6 2. c4 Bg7 3. Nc3 d6 4. d5 Nf6 5. e4 O-O 6. h3 e6 7. Nf3 exd5 8. exd5 Re8+ 9. Be2 Nbd7 10. O-O a5 11. Bf4 Nc5 12. Re1 Bd7 13. Nd4 a4 14. Bg5 h6 15. Be3 Nfe4 16. Nxe4 Nxe4 17. Bd3 Nc5 18. Bc2 c6 19. Qd2 Ne4 20. Bxe4 Rxe4 21. f3 Rxe3 22. Rxe3 cxd5 23. cxd5 Qb6 24. Nc2 Rc8 25. Nb4 Bd4 26. Re1 Rc4 27. a3 Bxe3+ 28. Qxe3 Qxe3+ 29. Rxe3 Kf8 30. Kf2 h5 31. Ke2 Bb5 32. Kd2 Rd4+ 33. Kc2 Rc4+ 34. Rc3 Rxc3+ 35. Kxc3 Bf1 36. g3 Bg2 37. f4 Bxh3 38. Kd4 Bg2 39. Na2 Ke7 40. Nc3 f6 41. Nxa4 g5 42. Nc3 h4 43. gxh4 gxh4 44. Nd1 h3 45. Nf2 h2 46. b4 h1=Q 47. Nxh1 Bxh1 48. a4 Kd7 49. b5 Kc7 50. a5 Bf3 51. b6+ Kd7 52. Kd3 Bxd5 53. Kd4 Bc6 54. f5 Bb5 55. Kd5 Ba6 56. Kd4 Kc6 57. Ke4 Kb5 58. Kd4 Kxa5 59. Kd5 Kxb6 60. Kxd6 Bd3 61. Ke6 Kc5 62. Kxf6 Bxf5 63. Kxf5 b5 64. Ke5 b4 65. Ke4 Kc4 66. Ke3 Kc3 67. Ke2 Kc2 68. Ke3 b3 0-1


[Site "https://www.chess.com"]

[Event "Titled Tuesday Blitz June 13 Late 2023"]
[White "Kaufman, Raymond"]
[Black "Sariego Figueredo, Wilfredo"]
[WhiteFideId "2015056"]
[BlackFideId "3500080"]
[WhiteElo "2264"]
[BlackElo "2309"]
[Result "1-0"]
[Round "7"]
[TimeControl "180+2"]
[Date "2023.06.13"]
[WhiteClock "0:00:49"]
[BlackClock "0:00:41"]
[Board "149"]

1. d4 d5 2. Bf4 Nf6 3. e3 e6 4. Nf3 Bd6 5. Ne5 O-O 6. Nd2 c5 7. Bd3 Qc7 8. c3 Nc6 9. Ndf3 Ne4 10. O-O f5 11. Nxc6 Qxc6 12. Bxd6 Qxd6 13. Bxe4 fxe4 14. Ne5 cxd4 15. cxd4 Bd7 16. Qb3 Bc6 17. Rac1 Rf5 18. Qa3 Qc7 19. Nxc6 bxc6 20. Qc5 Rh5 21. h3 Qf7 22. Qxc6 Rf8 23. Qd6 Qg6 24. Rc6 h6 25. Qxe6+ Qxe6 26. Rxe6 Rhf5 27. Re7 R5f7 28. Rxf7 Kxf7 29. Rc1 Rb8 30. b3 Rb7 31. Rc5 Rd7 32. f3 exf3 33. gxf3 Ke6 34. Kf2 Kf5 35. e4+ Ke6 36. Rxd5 Rxd5 37. exd5+ Kxd5 38. Ke3 a5 39. a3 g6 40. b4 axb4 41. axb4 Kc4 42. Ke4 Kxb4 43. d5 Kc4 44. d6 Kc5 45. d7 1-0


[Site "https://www.chess.com"]

[Event "Titled Tuesday Blitz June 13 Late 2023"]
[White "Ouellet, Maili-Jade"]
[Black "deloewre"]
[WhiteFideId "2620472"]
[WhiteElo "2077"]
[BlackElo "2126"]
[Result "1-0"]
[Round "7"]
[TimeControl "180+2"]
[Date "2023.06.13"]
[WhiteClock "0:00:24"]
[BlackClock "0:00:00"]
[Board "150"]

1. e4 c5 2. Nf3 Nc6 3. Nc3 g6 4. d4 cxd4 5. Nxd4 Bg7 6. Be3 Nf6 7. Be2 O-O 8. O-O d6 9. h3 Bd7 10. Qd2 Rc8 11. f4 Na5 12. Rad1 Nc4 13. Bxc4 Rxc4 14. e5 Ne8 15. Nf3 Qb8 16. b3 Rc8 17. Nd5 Kh8 18. Nxe7 Rd8 19. c4 dxe5 20. fxe5 Nc7 21. Qf2 Be6 22. Qh4 Rxd1 23. Rxd1 Ne8 24. Ng5 h6 25. Nxe6 fxe6 26. Bxh6 Qxe5 27. Bg5+ 1-0


[Site "https://www.chess.com"]

[Event "Titled Tuesday Blitz June 13 Late 2023"]
[White "Eisa Mohmood, Alkhoori"]
[Black "Zhukov, Maksim"]
[WhiteFideId "9316116"]
[BlackFideId "34181790"]
[WhiteElo "1364"]
[BlackElo "1925"]
[Result "0-1"]
[Round "7"]
[TimeControl "180+2"]
[Date "2023.06.13"]
[WhiteClock "0:00:01"]
[BlackClock "0:00:14"]
[Board "151"]

1. e4 c5 2. Nf3 Nc6 3. d4 cxd4 4. Nxd4 g6 5. Nc3 Bg7 6. Be3 Nf6 7. Bc4 O-O 8. Bb3 Ng4 9. Qxg4 Nxd4 10. Qd1 Nxb3 11. axb3 b6 12. Bd4 e5 13. Be3 Bb7 14. O-O f5 15. f3 Qc7 16. Nb5 Qb8 17. Qxd7 fxe4 18. Nd6 Bc8 19. Nxc8 Qxc8 20. Qxc8 Rfxc8 21. fxe4 Rxc2 22. Bxb6 Rxb2 23. Rf3 a6 24. Bc5 Bf8 25. Bxf8 Rxf8 26. Rxa6 Rxf3 27. gxf3 Rxb3 28. Kf2 Rb5 29. Ra7 Rc5 30. Kg3 Rb5 31. Kg4 h6 32. h4 Rc5 33. h5 gxh5+ 34. Kxh5 Rc3 35. Kg6 Kf8 36. Rf7+ Ke8 37. Rf6 Ke7 38. Rf5 Ke6 39. Kxh6 Rc2 40. Kg5 Rg2+ 41. Kh4 Rc2 42. Kg3 Rb2 43. Rh5 Rc2 44. Rh6+ Ke7 45. Ra6 Rb2 46. Kg4 Rb3 47. Kf5 Rxf3+ 48. Kxe5 Rh3 49. Ra7+ Kd8 50. Kd6 Rh6+ 51. Kd5 Ke8 52. e5 Rg6 53. Rh7 Ra6 54. Rb7 Rh6 55. Ke4 Ra6 56. Kf5 Rc6 57. Ra7 Rb6 58. Rh7 Ra6 59. Rh8+ Ke7 60. Rh7+ Ke8 61. Rh1 Rb6 62. Rd1 Ra6 63. Ke4 Ra5 64. Rd5 Ra4+ 65. Kf5 Ra6 66. Rc5 Rb6 67. Rb5 Rxb5 68. Ke6 Rb7 69. Kd6 Re7 70. e6 Kd8 71. Ke5 Kc7 72. Kd5 Re8 73. Ke5 Kc6 74. e7 Rxe7+ 75. Kd4 Re1 76. Kc4 Re8 77. Kd4 Re7 78. Kc4 Re4+ 79. Kd3 Kd5 0-1


[Site "https://www.chess.com"]

[Event "Titled Tuesday Blitz June 13 Late 2023"]
[White "Kostiukov, Alexandr"]
[Black "Burke, Paul"]
[WhiteFideId "14108100"]
[BlackFideId "2605767"]
[WhiteElo "2202"]
[BlackElo "1946"]
[Result "0-1"]
[Round "7"]
[TimeControl "180+2"]
[Date "2023.06.13"]
[WhiteClock "0:00:06"]
[BlackClock "0:00:23"]
[Board "152"]

1. g3 a6 2. Bg2 d6 3. d4 Nd7 4. c4 g6 5. Nc3 h6 6. Nf3 Bg7 7. O-O e5 8. e4 Ne7 9. Be3 O-O 10. Qd2 Kh7 11. b4 f5 12. dxe5 dxe5 13. Rfd1 c6 14. Bc5 Qe8 15. Bd6 f4 16. Na4 fxg3 17. hxg3 b5 18. cxb5 axb5 19. Nc5 Nxc5 20. bxc5 Bg4 21. Qc3 Qf7 22. Bxe7 Qxe7 23. Rd6 Qf7 24. Rd3 Rxa2 25. Rxa2 Qxa2 26. Rd7 Qe6 27. Rc7 b4 28. Qxe5 Rf7 29. Rxf7 Qxf7 30. Qf4 Qxf4 31. gxf4 Bxf3 32. Bxf3 b3 33. Bd1 b2 34. Bc2 Bd4 35. Kg2 Bxc5 36. Kf3 Bd4 37. e5 Kg7 38. Ke2 c5 39. f3 h5 40. f5 gxf5 41. Bxf5 Bxe5 42. Kf2 Kf6 43. Be4 c4 44. Bc2 Kg5 45. Kg2 h4 46. Kh3 Bg3 47. Be4 Kf4 48. Kg2 Ke3 49. Bb1 Kd2 50. Ba2 c3 0-1


[Site "https://www.chess.com"]

[Event "Titled Tuesday Blitz June 13 Late 2023"]
[White "Rodriguez Santiago, Jaime"]
[Black "Vargas, Mauricio"]
[WhiteFideId "3100898"]
[BlackFideId "4404572"]
[WhiteElo "2025"]
[BlackElo "1986"]
[Result "1-0"]
[Round "7"]
[TimeControl "180+2"]
[Date "2023.06.13"]
[WhiteClock "0:00:29"]
[BlackClock "0:00:00"]
[Board "153"]

1. c4 e5 2. Nc3 Nc6 3. g3 f5 4. Bg2 Nf6 5. d3 Bb4 6. Bd2 O-O 7. e3 d6 8. Nge2 Ne7 9. a3 Bxc3 10. Nxc3 c6 11. b4 Qe8 12. O-O Bd7 13. a4 Rb8 14. b5 Qg6 15. f4 Ng4 16. h3 Nf6 17. Kh2 Nh5 18. Be1 Kh8 19. Rb1 Qh6 20. Qf3 Nf6 21. Kg1 Rg8 22. Bd2 g5 23. fxg5 Qxg5 24. Ne2 Rbf8 25. Bc1 Qg6 26. Bb2 Nh5 27. Kh2 Rg7 28. c5 dxc5 29. Bxe5 Nf6 30. Nf4 Qf7 31. Bxf6 Qxf6 32. Nh5 Qg6 33. Nxg7 Qxg7 34. e4 Ng6 35. exf5 Bxf5 36. Rbc1 1-0


[Site "https://www.chess.com"]

[Event "Titled Tuesday Blitz June 13 Late 2023"]
[White "Rodrigues Mota, Romulo Cardoso S"]
[Black "rionelG"]
[WhiteFideId "2187442"]
[WhiteElo "2001"]
[BlackElo "2207"]
[Result "0-1"]
[Round "7"]
[TimeControl "180+2"]
[Date "2023.06.13"]
[WhiteClock "0:00:00"]
[BlackClock "0:01:39"]
[Board "154"]

1. e4 c5 2. Nf3 d6 3. d4 cxd4 4. Nxd4 Nf6 5. Nc3 a6 6. f3 e5 7. Nb3 Be7 8. Be3 Be6 9. Qd2 O-O 10. O-O-O a5 11. Kb1 a4 12. Nc1 Ra5 13. g4 d5 14. g5 Nxe4 15. fxe4 d4 16. Qe1 Qc7 17. Nb5 Qb6 18. Bd2 Rxb5 19. Bxb5 Qxb5 20. Qe2 Bc4 21. Nd3 Nc6 22. h4 Nb4 23. Bxb4 Bxb4 24. Qf3 Bc3 25. b3 axb3 26. cxb3 Bxb3 27. axb3 Qxb3+ 28. Kc1 Ra8 0-1


[Site "https://www.chess.com"]

[Event "Titled Tuesday Blitz June 13 Late 2023"]
[White "Novikova, Margarita"]
[Black "Powell, Paul"]
[WhiteFideId "14109689"]
[BlackFideId "2005840"]
[WhiteElo "2013"]
[BlackElo "2149"]
[Result "0-1"]
[Round "7"]
[TimeControl "180+2"]
[Date "2023.06.13"]
[WhiteClock "0:01:49"]
[BlackClock "0:01:22"]
[Board "155"]

1. e4 c5 2. Nc3 d6 3. d3 g6 4. Be3 Bg7 5. Qd2 Nc6 6. g3 e6 7. Bg2 Nd4 8. Nd1 Bd7 9. c3 Nc6 10. Ne2 Rb8 11. h4 h5 12. d4 cxd4 13. cxd4 b5 14. O-O Nf6 15. f3 Na5 16. b3 Rc8 17. Nb2 O-O 18. Rac1 Nc6 19. d5 exd5 20. exd5 Ne5 21. Bxa7 Rxc1 22. Rxc1 Qa8 23. Bd4 Qxd5 24. f4 Nf3+ 25. Bxf3 Qxf3 26. Bf2 Bh3 0-1


[Site "https://www.chess.com"]

[Event "Titled Tuesday Blitz June 13 Late 2023"]
[White "Sarana, Alexey"]
[Black "Nihal Sarin"]
[WhiteFideId "24133795"]
[BlackFideId "25092340"]
[WhiteElo "2714"]
[BlackElo "2689"]
[Result "1-0"]
[Round "8"]
[TimeControl "180+2"]
[Date "2023.06.13"]
[WhiteClock "0:00:12"]
[BlackClock "0:00:04"]
[Board "1"]

1. d4 d5 2. c4 e6 3. Nc3 c5 4. cxd5 exd5 5. Nf3 Nf6 6. Bg5 Be6 7. Bxf6 Qxf6 8. e4 dxe4 9. Bb5+ Nc6 10. Nxe4 Qf4 11. Qe2 O-O-O 12. Bxc6 bxc6 13. O-O Bd5 14. Rfe1 cxd4 15. Nxd4 Kb7 16. g3 Qc7 17. Nc3 Bc5 18. Nxd5 Rxd5 19. Nb3 Bb6 20. Qf3 h5 21. Re4 g6 22. Rae1 Rf5 23. Rf4 Rxf4 24. Qxf4 Rd8 25. Qc4 Rd5 26. Kg2 Qd6 27. Re2 Rf5 28. Nd2 h4 29. Qxh4 Qd5+ 30. Qe4 Qxa2 31. Nc4 Rc5 32. Nd6+ Ka6 33. Qd3+ Rb5 34. Nxb5 cxb5 35. b3 Qa3 36. Qd5 f5 37. b4 Qxb4 38. Ra2+ Qa4 39. Rxa4+ bxa4 40. h4 a3 41. Qb3 Bc5 42. f3 Ka5 43. g4 fxg4 44. fxg4 Bb4 45. h5 gxh5 46. gxh5 1-0


[Site "https://www.chess.com"]

[Event "Titled Tuesday Blitz June 13 Late 2023"]
[White "Duda, Jan-Krzysztof"]
[Black "Kovalev, Vladislav"]
[WhiteFideId "1170546"]
[BlackFideId "13504398"]
[WhiteElo "2783"]
[BlackElo "2555"]
[Result "1-0"]
[Round "8"]
[TimeControl "180+2"]
[Date "2023.06.13"]
[WhiteClock "0:00:01"]
[BlackClock "0:00:01"]
[Board "2"]

1. e4 e5 2. Nf3 Nc6 3. Bb5 a6 4. Ba4 Nf6 5. O-O Be7 6. Re1 b5 7. Bb3 d6 8. c3 O-O 9. h3 Be6 10. d4 Bxb3 11. axb3 exd4 12. cxd4 Nb4 13. d5 c5 14. dxc6 Nxc6 15. Nc3 Re8 16. Re2 h6 17. Bf4 Bf8 18. Qd3 Ne5 19. Bxe5 dxe5 20. Qxd8 Rexd8 21. Nxe5 Rac8 22. Ng4 Nxg4 23. hxg4 Rc6 24. Nd5 Rdc8 25. g3 g6 26. e5 Kg7 27. Kg2 Rc2 28. Rae1 R8c5 29. Nc3 Rxe2 30. Rxe2 b4 31. Na4 Rc6 32. f4 Be7 33. Kf3 f6 34. exf6+ Kxf6 35. Re4 Rd6 36. Nc5 Rd1 37. Ne6 Rd3+ 38. Kg2 Rxb3 39. g5+ hxg5 40. Nxg5 Rxb2+ 41. Kf3 Bc5 42. Rc4 Ba7 43. Rc7 Bb6 44. Rf7# 1-0


[Site "https://www.chess.com"]

[Event "Titled Tuesday Blitz June 13 Late 2023"]
[White "Aravindh, Chithambaram VR."]
[Black "Korobov, Anton"]
[WhiteFideId "5072786"]
[BlackFideId "14105730"]
[WhiteElo "2596"]
[BlackElo "2638"]
[Result "0-1"]
[Round "8"]
[TimeControl "180+2"]
[Date "2023.06.13"]
[WhiteClock "0:00:00"]
[BlackClock "0:00:57"]
[Board "3"]

1. d4 Nf6 2. Nf3 d5 3. c3 Bf5 4. Bf4 e6 5. e3 Bd6 6. Nbd2 Bxf4 7. exf4 O-O 8. Be2 Qd6 9. Ne5 c5 10. dxc5 Qxc5 11. g4 Be4 12. f3 Bg6 13. Nb3 Qc7 14. h4 h5 15. Nd4 Bh7 16. g5 Nfd7 17. g6 Nxe5 18. gxh7+ Kxh7 19. fxe5 Qxe5 20. Qd3+ g6 21. O-O-O Nc6 22. Nc2 Qf6 23. Kb1 Rab8 24. Rdg1 b5 25. Rg5 b4 26. cxb4 Nxb4 27. Qd4 Kg7 28. Qxf6+ Kxf6 29. Nd4 Rfc8 30. f4 Nc6 31. Nf3 Rb4 32. Rc1 Rxf4 33. Rg3 Ne7 34. Re1 Nf5 35. Rh3 Re4 36. Bd3 Rxe1+ 37. Nxe1 e5 38. b4 e4 39. Bc2 Ke5 40. a4 d4 41. b5 Ne3 42. Bb3 f5 43. Rg3 Kf6 44. a5 f4 45. Rg1 d3 0-1


[Site "https://www.chess.com"]

[Event "Titled Tuesday Blitz June 13 Late 2023"]
[White "Fressinet, Laurent"]
[Black "Vazquez, Guillermo"]
[WhiteFideId "608742"]
[BlackFideId "3702308"]
[WhiteElo "2633"]
[BlackElo "2543"]
[Result "1-0"]
[Round "8"]
[TimeControl "180+2"]
[Date "2023.06.13"]
[WhiteClock "0:00:32"]
[BlackClock "0:00:04"]
[Board "4"]

1. d4 d5 2. Nf3 e6 3. Bg5 Be7 4. Bxe7 Qxe7 5. e3 Nf6 6. c4 O-O 7. Nc3 dxc4 8. Bxc4 a6 9. O-O b5 10. Be2 Nbd7 11. Ne5 Bb7 12. Bf3 Bxf3 13. Qxf3 Nxe5 14. dxe5 Nd7 15. Qg3 Rad8 16. Rac1 Nc5 17. Ne2 Nd3 18. Rc6 Nb4 19. Rc3 c5 20. a3 Nd3 21. b3 b4 22. axb4 cxb4 23. Rc4 Rc8 24. Rd4 Rfd8 25. Rxd8+ Rxd8 26. Nd4 Qb7 27. Ra1 h6 28. f4 Rc8 29. f5 Qd5 30. fxe6 fxe6 31. h4 a5 32. Rf1 Rc1 33. Rxc1 Nxc1 34. Qg6 Qxe5 35. Nxe6 Qxe3+ 36. Kh2 Qe5+ 37. Kh3 Qf6 38. Qe8+ Kh7 39. Nf8+ Kg8 40. Nd7+ 1-0


[Site "https://www.chess.com"]

[Event "Titled Tuesday Blitz June 13 Late 2023"]
[White "Eljanov, Pavel"]
[Black "Dardha, Daniel"]
[WhiteFideId "14102951"]
[BlackFideId "240990"]
[WhiteElo "2598"]
[BlackElo "2572"]
[Result "1/2-1/2"]
[Round "8"]
[TimeControl "180+2"]
[Date "2023.06.13"]
[WhiteClock "0:00:05"]
[BlackClock "0:00:06"]
[Board "5"]

1. d4 Nf6 2. c4 b6 3. Nc3 Bb7 4. a3 a5 5. Nf3 h6 6. g3 g5 7. d5 Na6 8. Bg2 Nc5 9. O-O Bg7 10. h4 g4 11. Nd4 e6 12. e4 d6 13. Be3 a4 14. dxe6 fxe6 15. e5 dxe5 16. Nxe6 Nxe6 17. Bxb7 Rb8 18. Qxa4+ Kf7 19. Bd5 Nxd5 20. Nxd5 Re8 21. Qc2 Nd4 22. Bxd4 exd4 23. Qf5+ Kg8 24. Rae1 c6 25. Nf4 d3 26. Nxd3 Qd4 27. b3 Rf8 28. Qe6+ Kh7 29. Qe4+ Qxe4 30. Rxe4 Rf3 31. Re3 Rxe3 32. fxe3 Rd8 33. Rd1 b5 34. cxb5 cxb5 35. Nf2 Ra8 36. Nxg4 Rxa3 37. Rd3 Ra2 38. Nf2 Rb2 39. Kg2 b4 40. Kf3 Bc3 41. Ne4 Rxb3 42. Rd7+ Kg8 43. Rb7 Rb2 44. g4 Be5 45. Nc5 Rh2 46. h5 Rh3+ 47. Ke4 Bc3 48. Nd3 Rg3 49. Kf5 Rxe3 50. Nf4 Rf3 51. Ke4 Rf1 52. Nd5 Re1+ 53. Kf5 Rd1 54. Ne7+ Kf7 55. Nc6+ Ke8 56. Re7+ Kf8 57. Rb7 Rd6 58. Nxb4 Rf6+ 59. Ke4 Bxb4 60. Rxb4 Kg8 61. Rb5 Kg7 62. Rb7+ Kg8 63. Re7 Ra6 64. Ke5 Ra5+ 65. Kf6 Rg5 66. Re4 Kf8 67. Ra4 Kg8 68. Ra8+ Kh7 69. Ra7+ Kh8 70. Ra4 Kg8 71. Re4 Kh7 72. Kf7 Rg7+ 73. Kf6 Rg5 74. Rd4 Kg8 75. Rd8+ Kh7 76. Rd7+ Kh8 77. Rd4 Kh7 78. Re4 Kg8 79. Rf4 Kh7 80. Ke6 Kg7 81. Re4 Kg8 82. Kf6 1/2-1/2


[Site "https://www.chess.com"]

[Event "Titled Tuesday Blitz June 13 Late 2023"]
[White "Van Foreest, Jorden"]
[Black "Hansen, Eric"]
[WhiteFideId "1039784"]
[BlackFideId "2606771"]
[WhiteElo "2633"]
[BlackElo "2561"]
[Result "1/2-1/2"]
[Round "8"]
[TimeControl "180+2"]
[Date "2023.06.13"]
[WhiteClock "0:00:08"]
[BlackClock "0:00:02"]
[Board "6"]

1. e4 e5 2. Nf3 Nc6 3. Bb5 a6 4. Ba4 Nf6 5. O-O Be7 6. Re1 b5 7. Bb3 d6 8. c3 O-O 9. h3 Na5 10. Bc2 c5 11. d3 Qc7 12. Nbd2 Re8 13. Nf1 h6 14. a4 Bd8 15. g4 b4 16. Ng3 bxc3 17. bxc3 c4 18. d4 Rb8 19. Be3 Bd7 20. Ra2 Nb3 21. Kh2 Be7 22. Rg1 Bf8 23. d5 g6 24. Nh4 Kh7 25. Qf3 Bg7 26. g5 hxg5 27. Bxg5 Qd8 28. Bd1 Nc5 29. Be2 Rc8 30. a5 Ng4+ 31. Qxg4 Bxg4 32. Bxd8 Bxe2 33. Bb6 Bd3 34. Nf3 Bh6 35. Bxc5 Rxc5 36. Rb2 Rb5 37. Rxb5 axb5 38. Ra1 Ra8 39. h4 f6 40. h5 Kg7 41. hxg6 Kxg6 42. Nh4+ Kf7 43. Nhf5 Bf8 44. Kg2 Bc2 45. Kf3 Ba4 46. Rh1 Kg8 47. Nh5 Kf7 48. Nhg3 Kg8 49. Nh6+ Bxh6 50. Rxh6 Kf7 51. Nh5 Bd1+ 52. Ke3 Bxh5 53. Rxh5 Kg6 54. Rh1 Rxa5 55. f4 exf4+ 56. Kxf4 Ra3 57. Rg1+ Kf7 58. Rc1 Rb3 59. Rc2 Rb1 60. Rf2 Kg6 61. Rg2+ Kf7 62. Rf2 Rc1 63. Rf3 Rd1 64. Rh3 Kg6 65. Rg3+ Kf7 66. Rh3 Rf1+ 67. Ke3 Rd1 68. Kf4 1/2-1/2


[Site "https://www.chess.com"]

[Event "Titled Tuesday Blitz June 13 Late 2023"]
[White "Rodrigue-Lemieux, Shawn"]
[Black "Swiercz, Dariusz"]
[WhiteFideId "2620049"]
[BlackFideId "1126881"]
[WhiteElo "2405"]
[BlackElo "2620"]
[Result "1/2-1/2"]
[Round "8"]
[TimeControl "180+2"]
[Date "2023.06.13"]
[WhiteClock "0:00:05"]
[BlackClock "0:00:08"]
[Board "7"]

1. e4 c5 2. Nf3 Nc6 3. d4 cxd4 4. Nxd4 e5 5. Nb5 d6 6. c4 g6 7. Be3 Be6 8. Be2 a6 9. N5c3 Nf6 10. O-O Bg7 11. f3 O-O 12. Nd5 Bxd5 13. cxd5 Nd4 14. Nc3 Rc8 15. Rc1 Qa5 16. Bd3 Qb4 17. Qd2 Nh5 18. g3 f5 19. f4 exf4 20. gxf4 fxe4 21. Bxe4 Rce8 22. Kh1 Nf5 23. Bxf5 Rxf5 24. Rce1 Ref8 25. Qd3 Nxf4 26. Bxf4 Rxf4 27. Rxf4 Qxf4 28. Ne4 Be5 29. Qe2 Qh4 30. Rg1 Bxh2 31. Qg4 Qxg4 32. Rxg4 Be5 33. Kg2 Rc8 34. Kf3 Rc2 35. Rg1 Kg7 36. Ng5 Bxb2 37. Ne6+ Kf6 38. Ke4 Be5 39. Rf1+ Ke7 40. Ng5 Rc4+ 41. Ke3 Bf6 42. Nxh7 Bh4 43. Nf8 Bg5+ 44. Kd3 Ra4 45. Nxg6+ Ke8 46. Rf8+ Kd7 47. Rf7+ Kc8 48. Nf8 Rxa2 49. Ne6 Bh4 50. Rf8+ Kd7 51. Rf7+ Be7 52. Rh7 Ra3+ 53. Kc2 Ra5 54. Nf8+ Kd8 55. Ng6 Bf6 56. Rxb7 Rxd5 57. Nf4 Rc5+ 58. Kd3 Kc8 59. Ra7 Ra5 60. Ne6 Be5 61. Rc7+ Kb8 62. Rd7 Kc8 63. Rc7+ Kb8 64. Rd7 Ra4 65. Kc2 a5 66. Kb3 Rb4+ 67. Ka3 Bb2+ 68. Ka2 Be5 69. Ka3 Rb7 70. Rd8+ Ka7 71. Ka4 Kb6 72. Rc8 Re7 73. Nd8 Rc7 74. Rb8+ Ka7 75. Rb5 Rc4+ 76. Kb3 Rh4 77. Nc6+ Ka6 78. Rb8 Bf4 79. Rf8 Bh2 80. Nb8+ Kb7 81. Nd7 a4+ 82. Ka3 Kc7 83. Nf6 Be5 84. Nd5+ Kc6 85. Nb4+ Kb5 86. Rb8+ Kc4 87. Rc8+ Kd4 88. Kxa4 Ke3 89. Kb3 Kf2 90. Nd3+ Ke3 91. Nb4 Rh3 92. Nd5+ Kd4+ 93. Nc3 Bf4 94. Kb4 Ke5 95. Nb5 Bd2+ 96. Ka4 d5 97. Re8+ Kf5 98. Nd4+ Kf6 99. Kb5 Bc3 100. Kc5 Rh4 101. Nc6 d4 102. Kc4 Bb2 103. Ne5 d3+ 104. Kxd3 Bxe5 105. Rf8+ Ke6 106. Rf3 Kd5 107. Ke2 Ra4 108. Rd3+ Bd4 109. Rd2 Ra3 110. Rc2 Ra1 111. Rd2 Ke4 112. Rc2 Rh1 113. Rd2 Rh2+ 114. Kd1 Rh3 115. Ke2 Be3 116. Rc2 Rh2+ 117. Kd1 Rh1+ 118. Ke2 Bd4 119. Rd2 Rc1 120. Ra2 Rc8 121. Rd2 Rf8 122. Rc2 Rg8 123. Rd2 Bc3 124. Rc2 Kd4 125. Kf3 Kd3 126. Rg2 Rf8+ 127. Kg4 Bd4 128. Rg3+ Ke4 129. Rg2 Bf2 130. Kh5 Rh8+ 131. Kg4 Ke3 132. Kf5 Rf8+ 133. Ke6 Ke4 134. Rg4+ Kd3 135. Rg7 Bd4 136. Rf7 Re8+ 137. Re7 Ra8 138. Kd7 Kc4 139. Rf7 Bc5 140. Rf4+ Kb5 141. Ke6 Kc6 142. Kf5 Rg8 143. Rg4 Rf8+ 144. Ke4 Re8+ 145. Kf5 Kd5 146. Rf4 Bd6 147. Rf3 Rg8 148. Rd3+ Kc6 149. Rf3 Bc5 150. Ke4 Rg4+ 151. Rf4 Rg3 152. Rf6+ Bd6 153. Rf3 Rg4+ 154. Ke3 Kd5 1/2-1/2


[Site "https://www.chess.com"]

[Event "Titled Tuesday Blitz June 13 Late 2023"]
[White "Simonian, Hrair"]
[Black "Xiong, Jeffery"]
[WhiteFideId "13302337"]
[BlackFideId "2047640"]
[WhiteElo "2447"]
[BlackElo "2726"]
[Result "1-0"]
[Round "8"]
[TimeControl "180+2"]
[Date "2023.06.13"]
[WhiteClock "0:01:51"]
[BlackClock "0:00:46"]
[Board "8"]

1. e4 e6 2. d4 d5 3. Nc3 Nf6 4. Bg5 dxe4 5. Nxe4 Be7 6. Bxf6 gxf6 7. Nf3 f5 8. Nc3 a6 9. Qd2 b5 10. O-O-O Bb7 11. Kb1 Nd7 12. d5 e5 13. Re1 b4 14. Na4 Bd6 15. Nxe5 Nxe5 16. f4 f6 17. fxe5 fxe5 18. g4 Qd7 19. b3 fxg4 20. Qg5 Bxd5 21. Rxe5+ Bxe5 22. Qxe5+ Kf7 23. Nc5 Qd6 24. Qf5+ Ke7 25. Qg5+ Kf7 26. Bc4 Bxc4 27. bxc4 Qf6 28. Qh5+ Qg6 29. Rf1+ Kg7 30. Qe5+ Kg8 31. Rf6 1-0


[Site "https://www.chess.com"]

[Event "Titled Tuesday Blitz June 13 Late 2023"]
[White "Paravyan, David"]
[Black "Santos Ruiz, Miguel"]
[WhiteFideId "4194985"]
[BlackFideId "22291482"]
[WhiteElo "2563"]
[BlackElo "2499"]
[Result "1-0"]
[Round "8"]
[TimeControl "180+2"]
[Date "2023.06.13"]
[WhiteClock "0:01:02"]
[BlackClock "0:00:09"]
[Board "9"]

1. e4 e5 2. Nf3 Nc6 3. Bb5 Nf6 4. O-O Nxe4 5. Re1 Nd6 6. Nxe5 Be7 7. Bf1 Nxe5 8. Rxe5 O-O 9. d4 Bf6 10. Re1 Re8 11. c3 Rxe1 12. Qxe1 Ne8 13. Bf4 d5 14. Nd2 c6 15. Qe2 g6 16. a4 a5 17. Re1 Ng7 18. h3 Bd7 19. Nf3 h5 20. Ne5 Be6 21. Qf3 Bg5 22. Qe3 Bxf4 23. Qxf4 Bf5 24. g4 hxg4 25. hxg4 g5 26. Qh2 Be4 27. f3 Bh7 28. Nxf7 Kxf7 29. Qxh7 Qd6 30. Re5 Qf6 31. Rf5 1-0


[Site "https://www.chess.com"]

[Event "Titled Tuesday Blitz June 13 Late 2023"]
[White "Bortnyk, Mykola"]
[Black "Kollars, Dmitrij"]
[WhiteFideId "14120836"]
[BlackFideId "12909572"]
[WhiteElo "2592"]
[BlackElo "2584"]
[Result "1-0"]
[Round "8"]
[TimeControl "180+2"]
[Date "2023.06.13"]
[WhiteClock "0:00:11"]
[BlackClock "0:00:00"]
[Board "10"]

1. e4 e5 2. Nf3 Nc6 3. Bb5 a6 4. Ba4 Nf6 5. Qe2 Bc5 6. c3 b5 7. Bc2 d5 8. d4 exd4 9. exd5+ Ne7 10. cxd4 Bb4+ 11. Nc3 O-O 12. O-O Nexd5 13. Bg5 Bxc3 14. bxc3 h6 15. Bxf6 Nxf6 16. a4 Bg4 17. axb5 Re8 18. Qd3 Bxf3 19. gxf3 axb5 20. Qxb5 Rxa1 21. Rxa1 Nd5 22. Kh1 g6 23. Qc6 Kg7 24. Rg1 Re6 25. Qc4 Nf4 26. d5 Nxd5 27. Qd4+ Qf6 28. Qxd5 Re2 29. Be4 Rxf2 30. Qd4 Qxd4 31. cxd4 Rd2 32. Rc1 Rxd4 33. Rxc7 Rd2 34. Bc2 Rd4 35. Bb3 Rf4 36. Kg2 g5 37. h3 Kg6 38. Kf2 h5 39. Ke3 Kg7 40. Bd5 Kg6 41. Be4+ Kg7 42. Kd4 Rh4 43. Ke5 Rxh3 44. Bd5 g4 45. Rxf7+ Kh6 46. Kf6 gxf3 47. Be4 1-0


[Site "https://www.chess.com"]

[Event "Titled Tuesday Blitz June 13 Late 2023"]
[White "Firouzja, Alireza"]
[Black "Zakhartsov, Vladimir"]
[WhiteFideId "12573981"]
[BlackFideId "4145097"]
[WhiteElo "2896"]
[BlackElo "2508"]
[Result "1-0"]
[Round "8"]
[TimeControl "180+2"]
[Date "2023.06.13"]
[WhiteClock "0:00:13"]
[BlackClock "0:00:00"]
[Board "11"]

1. d4 Nf6 2. Bg5 d5 3. e3 Nbd7 4. Nf3 e6 5. Nbd2 Be7 6. Bd3 c5 7. c3 b6 8. O-O Bb7 9. Ne5 O-O 10. f4 h6 11. Bh4 Ne4 12. Bxe7 Qxe7 13. Qc2 Ndf6 14. Ndf3 Nd6 15. Rad1 Nfe4 16. Qe2 Rfd8 17. Nd2 f6 18. Ng4 Bc6 19. Nf2 Nxd2 20. Rxd2 e5 21. fxe5 fxe5 22. dxe5 Qxe5 23. Ng4 Qg5 24. Rf4 Rf8 25. Qf3 Ne4 26. Bxe4 dxe4 27. Qg3 h5 28. Ne5 Qxg3 29. hxg3 Rac8 30. Rd6 Rxf4 31. gxf4 Bb5 32. Kf2 Re8 33. Kg3 Rf8 34. Kh4 Rf5 35. Rd8+ Kh7 36. c4 g5+ 37. Kg3 gxf4+ 38. exf4 Ba6 39. Rd7+ Kh6 40. Rxa7 Bc8 41. Rf7 1-0


[Site "https://www.chess.com"]

[Event "Titled Tuesday Blitz June 13 Late 2023"]
[White "Bazeev, German"]
[Black "Andreikin, Dmitry"]
[WhiteFideId "24119350"]
[BlackFideId "4158814"]
[WhiteElo "2466"]
[BlackElo "2736"]
[Result "0-1"]
[Round "8"]
[TimeControl "180+2"]
[Date "2023.06.13"]
[WhiteClock "0:00:23"]
[BlackClock "0:01:12"]
[Board "12"]

1. c4 g6 2. Nc3 Bg7 3. d4 e6 4. h4 Nf6 5. e4 d6 6. Be2 h6 7. e5 dxe5 8. dxe5 Qxd1+ 9. Bxd1 Nfd7 10. f4 f6 11. Bc2 O-O 12. exf6 Rxf6 13. Nf3 Nc6 14. a3 Nb6 15. c5 Nd5 16. Ne4 Rf8 17. h5 gxh5 18. Rh4 e5 19. Nxe5 Nd4 20. Bd3 Bf5 21. Rxh5 Bxe4 22. Bxe4 Nf6 23. Be3 Nxh5 24. Bxd4 Rad8 25. O-O-O Rxf4 0-1


[Site "https://www.chess.com"]